 Dungeon Crawl Stone Soup version 0.31-a0-848-gaac375c287 (webtiles) character file.

Game seed: 16799382456365184828

27 Joey1 the Chopper (level 2, -2/27 HPs)
             Began as a Minotaur Berserker on Oct 5, 2023.
             Was a Believer of Trog.
             Slain by a kobold
             ... wielding a +2 whip of venom
              (6 damage)
             ... on level 2 of the Dungeon.
             The game lasted 00:00:53 (630 turns).

Joey1 the Chopper (Minotaur Berserker)               Turns: 630, Time: 00:00:53

Health: -2/27      AC:  2    Str: 21    XL:     2   Next: 93%
Magic:  1/1        EV: 12    Int:  4    God:    Trog [**....]
Gold:   27         SH:  0    Dex:  9    Spells: 1/1 levels left

rFire   . . .        a - +0 hand axe
rCold   . . .        (no shield)
rNeg    . . .        b - +0 animal skin
rPois   .            (helmet restricted)
rElec   .            (no cloak)
rCorr   .            (no gloves)
SInv    .            (no boots)
Will    ++...        (no amulet)
Stlth   +            (no ring)
HPRegen 1.24/turn    (no ring)
MPRegen 0.07/turn

%: no passive effects
@: lethally poisoned (-2 -> -2), strong-willed (expiring), regenerating
(expiring)
A: horns 2, retaliatory headbutt
a: Renounce Religion, Berserk, Trog's Hand


You were on level 2 of the Dungeon.
You worshipped Trog.
Trog was pleased with you.
You visited 1 branch of the dungeon, and saw 2 of its levels.

You collected 27 gold pieces.

Inventory:

Hand Weapons
 a - a +0 hand axe (weapon)
Armour
 b - a +0 animal skin (worn)
Scrolls
 c - a scroll of teleportation {unknown}
 d - a scroll of identify {unknown}
 e - a scroll of brand weapon {unknown}
 f - a scroll of noise {unknown}


   Skills:
 + Level 4.0 Fighting
 * Level 4.4 Axes
 + Level 2.9 Armour
 - Level 2.1 Dodging


You had one spell level left.
You didn't know any spells.
Your spell library was empty.

Dungeon Overview and Level Annotations

Branches:
Dungeon (2/15)

Altars:


Innate Abilities, Weirdness & Mutations

You have a pair of horns on your head.
You reflexively headbutt those who attack you in melee.


Message History

An endoplasm comes into view.
Found a spear.
The hobgoblin hits you. The endoplasm completely misses you.
You furiously retaliate!
You headbutt the endoplasm!
You kill the endoplasm!
Trog accepts your kill.
You barely miss the hobgoblin.
The endoplasm quivers.
You hit the ball python. The hobgoblin misses you. You furiously retaliate!
You headbutt the hobgoblin!
You kill the hobgoblin!
Trog accepts your kill. The ball python misses you. The ball python grabs you.
The ball python constricts you.
The kobold hits you with a +2 whip of venom.
You are poisoned.
Unknown command.
You barely miss the ball python.
The ball python is heavily wounded.
You barely miss the rat. You hit the kobold but do no damage.
You feel very sick.
The ball python bites you but does no damage.
The ball python constricts you.
The kobold hits you with a +2 whip of venom.
The rat bites you. The ball python closely misses you.
The ball python constricts you.
You are too injured to fight recklessly!
You escape the ball python's grasp.
* * * LOW HITPOINT WARNING * * *
You feel very sick.
Your skin crawls.
You feel strong-willed.
You feel sick.
You feel the effects of Trog's Hand fading.
You feel sick. The rat completely misses you.
You feel sick.
You feel sick.
You feel sick.
You feel sick.
The kobold hits you with a +2 whip of venom.
You die...

#.#### #†#..# #. #.#..#
#...##.#..# ##### #####
#.....†...# ..... #...#
#....#.##.# ......
#.#.######.#.##.# ......
#..........#.##.### ......#
#..@.####...##...# .......
#.K...###.#.####.#
)......####Sr...#........#.###
......†...J.....#.#.###.....>#
.............##...#........#.#
###+#.####.#..#............#.#
#. #.#..##.#######.....# #
#.#.....# #.#.### #.##.##.#
#.###


You could see an endoplasm, a ball python, a kobold and a rat.

Vanquished Creatures
  A dart slug (D:1)
  A ball python (D:1)
  3 endoplasms
  A giant cockroach (D:1)
  3 goblins
  5 hobgoblins
  A kobold (D:1)
  3 bats (D:1)
  2 frilled lizards (D:1)
  3 rats
23 creatures vanquished.

Notes
Turn   | Place    | Note
-------+----------+-------------------------------------------
     0 | D:1      | Joey1 the Minotaur Berserker began the quest for the Orb.
     0 | D:1      | Reached XP level 1. HP: 19/19 MP: 0/0
    33 | D:1      | Found a faded altar of an unknown god.
   230 | D:1      | Reached XP level 2. HP: 27/27 MP: 1/1
   574 | D:2      | Reached ** piety under Trog
   630 | D:2      | Slain by a kobold

Illustrated notes

Levels and vault maps discovered:
D:1:      dpeg_arrival_orchard, layout_rooms, dreamdust_ecumenical_altar_grove
D:2:      layout_basic, serial_shops, shop_fountains,
          amcnicky_mini_rare_corridor_liquid, uniq_robin

Skill      XL: |  1  2 |
---------------+-------+-----
Axes           | 4 |  4.4
Fighting       | 4 |  4.0
Armour         | |  2.9
Dodging        | |  2.1

Action                     || total
---------------------------++-------
  Melee: Hand axe          ||    36
         Headbutt          ||     7
         Punch             ||     1
 Invoke: Trog's Hand       ||     1
   Stab: Sleeping          ||     2
 Armour: Animal skin       ||    21
  Dodge: Dodged            ||    29

Table legend: (Time is in decaauts)
 A = Elapsed time spent in this place.
 B = Non-inter-level travel time spent in this place.
 C = Inter-level travel time spent in this place.
 D = Time resting spent in this place.
 E = Time spent auto-exploring this place.
 F = Levels seen in this place.
 G = Mean time per level.
                   A        B        C        D        E       F      G
               +--------+--------+--------+--------+--------+-----+--------+
         Total |    633 |    602 |     31 |      0 |    496 |   2 |  316.5 |
       Dungeon |    633 |    602 |     31 |      0 |    496 |   2 |  316.5 |
               +--------+--------+--------+--------+--------+-----+--------+

Top non-repeatable levels by time:
     D:1: 521 daAuts
     D:2: 111 daAuts
